 Dungeon Crawl Stone Soup version 0.30-a0-23-ge60ba3568b (webtiles) character file.

Game seed: 12165157688417913616

685 AttackTheMoon the Shield-Bearer (level 7, 0/52 (62) HPs)
             Began as a Minotaur Fighter on Aug 25, 2022.
             Was an Initiate of Cheibriados.
             Killed from afar by Maggie (28 damage)
             ... with a bolt of fire
             ... on level 7 of the Dungeon.
             The game lasted 00:05:13 (2929 turns).

AttackTheMoon the Shield-Bearer (Minotaur Fighter)  Turns: 2929, Time: 00:05:14

HP:   0/52 (62)     AC: 14    Str: 23    XL:     7   Next: 35%
MP:   7/7           EV:  9    Int:  6    God:    Cheibriados [......]
Gold: 311           SH:  5    Dex: 11    Spells: 6/6 levels left

rFire   x . .      SeeInvis .    a - +0 war axe
rCold   + + .      Faith    .    c - +0 buckler
rNeg    . . .      Spirit   .    h - +1 ice dragon scales
rPois   .          Reflect  .    (helmet restricted)
rElec   .          Harm     .    g - +1 cloak
rCorr   .          Rampage  .    (no gloves)
Will    .....                    (no boots)
Stlth   ..........               (no amulet)
HPRegen 0.17/turn                (no ring)
MPRegen 0.10/turn                (no ring)

@: mesmerised, heavily drained, very slow
A: horns 2, retaliatory headbutt
a: Renounce Religion


You were on level 7 of the Dungeon.
You worshipped Cheibriados.
Cheibriados was noncommittal.
You visited 2 branches of the dungeon, and saw 6 of its levels.

You collected 311 gold pieces.

Inventory:

Hand Weapons
 a - a +0 war axe (weapon)
Armour
 c - a +0 buckler (worn)
 g - a +1 cloak (worn)
 h - +1 ice dragon scales (worn)
 l - a +0 scale mail of willpower
Wands
 b - a wand of iceblast (4)
 e - a wand of flame (11) (quivered)
 u - a wand of digging (5)
Scrolls
 k - 3 scrolls of teleportation
 m - 2 scrolls of amnesia
 p - 2 scrolls of poison
 r - 2 scrolls of blinking
Potions
 d - 2 potions of ambrosia
 f - 2 potions of curing
 i - a potion of attraction {unknown}
 j - a potion of heal wounds {unknown}
 n - a potion of magic {unknown}
 o - a potion of mutation {unknown}
 q - a potion of berserk rage {unknown}
 s - a potion of haste {unknown}


   Skills:
 + Level 5.8 Fighting
 + Level 5.0 Axes
 + Level 5.8 Armour
 + Level 5.8 Shields
 + Level 1.8 Invocations
 - Level 1.3 Evocations


You had 6 spell levels left.
You didn't know any spells.
Your spell library contained the following spells:

 Spells                   Type           Power      Damage    Failure   Level
 Slow                     Hex            0%         N/A       88%         1
 Confusing Touch          Hex            0%         N/A       99%         3
 Vampiric Draining        Necr           0%         2d6       99%         3
 Summon Ice Beast         Ice/Summ       0%         N/A       100%        4
 Summon Mana Viper        Hex/Summ       0%         N/A       100%        5
 Monstrous Menagerie      Summ           0%         N/A       100%        7


Dungeon Overview and Level Annotations

Branches:
Dungeon (4/15)             Temple (1/1) D:4

Altars:
Cheibriados
Elyvilon
Fedhas
Gozag
Nemelex Xobeh
Sif Muna
Uskayaw
Wu Jian
Xom
Yredelemnul
Zin
The Shining One

Annotations:
D:7 3 runed translucent doors, Maggie


Innate Abilities, Weirdness & Mutations

You have a pair of horns on your head.
You reflexively headbutt those who attack you in melee.


Message History

Maggie is lightly wounded.
Maggie mumbles some strange words.
Maggie attempts to bespell you!
You are mesmerised by Maggie!
You barely miss Maggie.
Maggie is lightly wounded.
Maggie hits you with a +1 broad axe of draining.
You feel drained. Maggie closely misses you. You furiously retaliate!
You headbutt Maggie! You closely miss Maggie.
You headbutt Maggie, but do no damage.
Maggie is moderately wounded.
Maggie hits you but does no damage.
You feel drained.
You closely miss Maggie. Your headbutt misses Maggie.
Maggie is moderately wounded.
Maggie barely misses you.
You hit Maggie.
Maggie is moderately wounded.
Maggie hits you but does no damage.
You feel drained.
A gnoll bouda comes into view. It is wielding a +0 club.
Maggie hits you with a +1 broad axe of draining!
You feel drained.
You barely miss Maggie.
The gnoll bouda shouts!
Your headbutt misses Maggie.
Maggie is moderately wounded.
You block Maggie's attack.
The hound stops to sniff the ground.
You barely miss Maggie.
Maggie is moderately wounded.
Maggie hits you but does no damage.
You feel drained.
You barely miss Maggie.
Maggie is moderately wounded.
Maggie casts a spell at you. The bolt of fire misses you.
You closely miss Maggie. Your headbutt misses Maggie.
Maggie is moderately wounded.
Maggie points at you and mumbles some strange words.
The bolt of fire hits you!! The fire burns you terribly!
Ouch! That really hurt!
You die...

... ... #........
#.# #.# ####....#
...... ## ##.....
#@#.#.#.## #.##
##......
.....o...##....##
#.......
.#.#.#.#........
+.......
.(......h##....#
#.......
#.#.#.#.#@....#
##......
..####@###.#
##..... ##. #.# .#
##...# : #.###.#
##+## #
#.....#########.#
##.###.... ...#.#
#...##.######.#.##
#$#........##....#
#...##.###).......
######.# ..# #..#


You could see Maggie (mesmerising) and a hound.

Vanquished Creatures
  An ice beast (D:7)
  An ogre (D:4)
  A centaur (D:7)
  A phantom (D:3)
  2 howler monkeys
  2 hounds
  A jelly (D:4)
  Jessica (D:2)
  An iguana (D:3)
  5 adders
  3 gnolls (D:2)
  An ufetubus (D:4)
  A dart slug (D:1)
  An orc (D:7)
  7 ball pythons
  7 endoplasms
  5 goblins
  8 hobgoblins
  6 jackals
  8 bats
  6 frilled lizards
  2 kobolds
  3 rats
74 creatures vanquished.

Notes
Turn   | Place    | Note
-------+----------+-------------------------------------------
     0 | D:1      | AttackTheMoon the Minotaur Fighter began the quest for the
                  | Orb.
     0 | D:1      | Reached XP level 1. HP: 19/19 MP: 0/0
   272 | D:1      | Reached XP level 2. HP: 25/27 MP: 1/1
   663 | D:1      | Reached XP level 3. HP: 33/33 MP: 2/2
   748 | D:2      | Noticed Jessica
   753 | D:2      | Killed Jessica
   894 | D:2      | Reached XP level 4. HP: 10/41 MP: 3/3
  1605 | D:3      | Noticed a phantom
  1616 | D:3      | Killed a phantom
  1617 | D:3      | Reached XP level 5. HP: 39/47 MP: 4/4
  1726 | D:3      | Reached skill level 1 in Evocations
  1854 | D:3      | Reached skill level 5 in Shields
  1932 | D:3      | Reached skill level 5 in Armour
  1974 | D:3      | Reached skill level 5 in Fighting
  1974 | D:3      | Reached XP level 6. HP: 56/56 MP: 5/5
  2357 | D:4      | Found a staircase to the Ecumenical Temple.
  2367 | Temple   | Entered the Ecumenical Temple
  2432 | Temple   | Became a worshipper of Cheibriados the Contemplative
  2467 | D:4      | Found a hide-covered altar of Uskayaw.
  2740 | D:4      | Reached skill level 1 in Invocations
  2772 | D:4      | You fall into a shaft and drop 3 floors!
  2772 | D:7      | Found a runed translucent gate.
  2772 | D:7      | Found a runed translucent gate.
  2772 | D:7      | Found a runed translucent gate.
  2846 | D:7      | Noticed an ice beast
  2856 | D:7      | Killed an ice beast
  2857 | D:7      | Reached XP level 7. HP: 61/61 MP: 5/7
  2910 | D:7      | Noticed Maggie
  2917 | D:7      | Reached skill level 5 in Axes
  2929 | D:7      | Killed from afar by Maggie

Illustrated notes

Levels and vault maps discovered:
D:1:      dpeg_arrival_more_subterranean_lakeside_camping, layout_basic
D:2:      layout_rooms, uniq_jessica
D:3:      layout_basic, lemuel_old_faithful
D:4:      layout_rooms, amcnicky_altar_gilded, minmay_temple_entry_stoned_glass
D:7:      layout_loops_corners, lemuel_crystal_altar,
          amethyst_overflow_temple_binary, kennysheep_okawaru_gauntlet,
          lemuel_tele_altar, enter_bailey_4, gammafunk_ghost_icy, st_stairs_11,
          uniq_pikel, uniq_maggie, uniq_crazy_yiuf_cottage
Temple:   nicolae_temple_ecumenical_triangle

Skill      XL: |  1  2  3  4  5  6  7 |
---------------+----------------------+-----
Fighting       | 4 5 |  5.8
Shields        | 4 5 |  5.8
Armour         | 4 5 |  5.8
Axes           | 3 4 5 |  5.0
Evocations     | 1 |  1.3
Invocations    | 1 |  1.8

Action                   |  1- 3 |  4- 6 |  7- 9 || total
-------------------------+-------+-------+-------++-------
Melee: War axe           |    57 |    93 |    20 ||   170
       Headbutt          |    11 |    16 |     6 ||    33
  Use: Scroll            |     4 |     6 |       ||    10
       Potion            |     1 |       |       ||     1
Armor: Scale mail        |    38 |    21 |       ||    59
       Ice dragon scales |       |    35 |    12 ||    47
Dodge: Dodged            |    29 |    48 |    10 ||    87
Block: Buckler           |    16 |    16 |     5 ||    37

Table legend: (Time is in decaauts)
 A = Elapsed time spent in this place.
 B = Non-inter-level travel time spent in this place.
 C = Inter-level travel time spent in this place.
 D = Time resting spent in this place.
 E = Time spent auto-exploring this place.
 F = Levels seen in this place.
 G = Mean time per level.
                   A        B        C        D        E       F      G
               +--------+--------+--------+--------+--------+-----+--------+
         Total |   3115 |   3059 |     56 |     25 |   2408 |   6 |  519.2 |
       Dungeon |   3038 |   2993 |     45 |     25 |   2373 |   5 |  607.6 |
        Temple |     77 |     67 |     10 |      0 |     35 |   1 |   77.0 |
               +--------+--------+--------+--------+--------+-----+--------+

Top non-repeatable levels by time:
     D:2: 842 daAuts
     D:3: 766 daAuts
     D:1: 742 daAuts
     D:4: 496 daAuts
     D:7: 189 daAuts
  Temple: 77 daAuts
